 Dungeon Crawl Stone Soup version 0.30-a0-371-gad7725a93e (webtiles) character file.

Game seed: 14193831908030549258

17631 themarg the Destroyer (level 12, -6/106 HPs)
             Began as a Black Draconian Conjurer on Nov 21, 2022.
             Was an Elder of Sif Muna.
             Killed from afar by a frost giant (22 damage)
             ... with a bolt of cold
             ... in an ice cave.
             The game lasted 00:52:04 (16526 turns).

themarg the Destroyer (Black Draconian Conjurer)   Turns: 16526, Time: 00:52:04

Health: -6/106     AC: 13    Str: 11    XL:     12   Next: 20%
Magic:  1/22       EV: 13    Int: 22    God:    Sif Muna [****..]
Gold:   588        SH:  0    Dex: 10    Spells: 14/25 levels left

rFire   x . .      SeeInvis .    W - +0 staff of Battle
rCold   + . .      Faith    .    (no shield)
rNeg    . . .      Spirit   .    (body armour unavailable)
rPois   .          Reflect  .    (helmet restricted)
rElec   +          Harm     .    C - +0 cloak
rCorr   .          Rampage  .    Q - +0 pair of gloves
Will    .....                    V - +2 pair of boots
Stlth   ++........               U - amulet of magic regeneration
HPRegen 0.37/turn                o - ring of ice
MPRegen 0.58/turn                z - ring of wizardry

@: no status effects
A: breathe lightning, AC +8, unfitting armour, electricity resistance,
cold-blooded
a: Breathe Lightning, Renounce Religion, Channel Magic, Forget Spell, Divine
Exegesis


You were in an ice cave.
You worshipped Sif Muna.
Sif Muna was greatly pleased with you.
You visited 2 branches of the dungeon, and saw 12 of its levels.
You also visited: Sewer and Ice Cave.

You collected 658 gold pieces.
You spent 70 gold pieces at shops.

Inventory:

Hand Weapons
 A - a +3 flail of protection
 S - a +6 spear of freezing
 W - the +0 staff of Battle (weapon)
   (You found it on level 10 of the Dungeon)

   It enhances your conjuration magic.
   It summons a battlesphere in combat, with strength depending on Conjurations
   skill.
   Its strikes trigger the battlesphere's blasts.
Missiles
 r - 33 poisoned darts
 v - 5 silver boomerangs
 y - 5 silver javelins
 B - 2 throwing nets
 D - 6 boomerangs
 H - 7 curare-tipped darts
Armour
 e - a +2 kite shield of cold resistance
 C - a +0 cloak (worn)
 Q - a +0 pair of gloves (worn)
 V - a +2 pair of boots (worn)
 Z - a +1 chain mail of cold resistance
Jewellery
 l - a +4 ring of protection
 n - a ring of positive energy
 o - a ring of ice (left hand)
 z - a ring of wizardry (right hand)
 N - an amulet of reflection
 P - a ring of fire
 U - an amulet of magic regeneration (around neck)
 X - a +4 ring of slaying
Wands
 f - a wand of flame (31)
 J - a wand of paralysis (4)
 O - a wand of iceblast (1)
 T - a wand of polymorph (5)
Scrolls
 g - a scroll of poison {unknown}
 h - 2 scrolls of magic mapping
 i - 2 scrolls of immolation {unknown}
 j - 2 scrolls of vulnerability
 k - 3 scrolls of butterflies
 p - a scroll of amnesia {unknown}
 q - 6 scrolls of teleportation
 x - 2 scrolls of blinking {unknown}
 E - 2 scrolls of noise {unknown}
 F - a scroll of fear {unknown}
 I - 3 scrolls of enchant armour
 L - a scroll of silence {unknown}
 Y - a scroll of brand weapon {unknown}
Potions
 a - 5 potions of magic
 b - 3 potions of ambrosia
 c - 6 potions of haste
 d - 12 potions of curing
 m - 4 potions of flight
 s - a potion of heal wounds
 t - 4 potions of invisibility
 u - a potion of might {unknown}
 w - 2 potions of resistance
 G - a potion of lignification {unknown}
 K - a potion of berserk rage {unknown}
 M - a potion of mutation {unknown}
 R - 3 potions of attraction


   Skills:
 - Level 10.0 Fighting
 - Level 5.0 Dodging
 - Level 3.0 Stealth
 + Level 1.9 Shields
 - Level 7.0 Spellcasting
 + Level 12.2 Conjurations
 - Level 3.0 Hexes
 - Level 3.0 Translocations
 - Level 10.0 Invocations


You had 14 spell levels left.
You knew the following spells:

 Your Spells              Type           Power      Damage    Failure   Level
a - Magic Dart            Conj           100%       1d8       1%          1
b - Searing Ray           Conj           100%       2d8       1%          2
c - Fulminant Prism       Conj/Hex       29%        3d14      1%          4
d - Iskenderun's Mystic   Conj/Tloc      58%        2d12      1%          4

Your spell library contained the following spells:

 Spells                   Type           Power      Damage    Failure   Level
 Dazzling Flash           Conj/Hex       100%       N/A       1%          3
 Hailstorm                Conj/Ice       67%        3d14      1%          3
 Gell's Gravitas          Tloc           20%        N/A       2%          3
 Lesser Beckoning         Tloc           40%        N/A       2%          3
 Teleport Other           Tloc           20%        N/A       2%          3
 Freeze                   Ice            44%        1d6       3%          1
 Frozen Ramparts          Ice            22%        1d4       10%         3


Dungeon Overview and Level Annotations

Branches:
Dungeon (11/15)            Temple (1/1) D:5            Lair (0/5) D:10
  Sewer (visited)           IceCv (1/1)
    Orc: D:9-12

Altars:
Ashenzari
Cheibriados
Dithmenos
Elyvilon
Fedhas
Gozag
Hepliaklqana
Kikubaaqudgha
Makhleb
Nemelex Xobeh
Okawaru
Qazlal
Ru
Sif Muna
Trog
Uskayaw
Vehumet
Wu Jian
Xom
Yredelemnul
Zin
The Shining One

Shops:
D:1 *

Annotations:
D:3 Grinder
D:10 3 runed translucent doors, exclusion: 3 doors, Tonberto's ghost, journeyman TrBe


Innate Abilities, Weirdness & Mutations

You can breathe wild blasts of lightning.
Your glossy black scales are hard. (AC +8)
You cannot fit into any form of body armour.
You are resistant to electric shocks. (rElec)
You are cold-blooded and may be slowed by cold attacks.


Message History

The death yak is heavily wounded.
Casting: Iskenderun's Mystic Blast (mildly dangerous; 1% risk of failure)
Confirm with . or Enter, or press ? or * to list all spells.
Aiming: Searing Ray (safe; 1% risk of failure)
Press: ? - help, Shift-Dir - straight line, f - frost giant
Aim: a frost giant, wielding a +0 battleaxe of freezing (heavily wounded, 98% to hit)
You feel a surge of power!
The searing ray hits the frost giant!
The frost giant is heavily wounded.
The searing ray hits the polar bear.
The polar bear is moderately wounded. (Press . to maintain the ray.)
Your battlesphere fires!
The barrage of energy hits the frost giant but does no damage.
The frost giant is heavily wounded.
The frost giant points at you and mumbles some strange words.
The bolt of cold hits you!! You resist.
The searing ray hits the frost giant but does no damage.
The frost giant is heavily wounded.
The searing ray hits the polar bear but does no damage.
The polar bear is severely wounded.
Your battlesphere fires!
The barrage of energy hits the death yak!
The death yak is almost dead.
The death yak gores you! The frost giant barely misses you.
The searing ray hits the frost giant.
The frost giant is heavily wounded.
The searing ray hits the polar bear but does no damage.
The polar bear is severely wounded.
The death yak closely misses you.
The frost giant hits you with a +0 battleaxe of freezing!
The frost giant freezes you.
Your battlesphere fires!
The barrage of energy hits the death yak.
The death yak is almost dead.
Without enough magic to sustain it, your searing ray dissipates.
The death yak gores you!!
* * * LOW HITPOINT WARNING * * *
The frost giant points at you and mumbles some strange words.
The bolt of cold hits you!! You resist.
You die...

## ≈#. .... ≈≈≈. .... ### ≈≈≈≈≈
..... ††### #≈≈≈≈≈ #.....
#.†.##.≈≈≈≈ #h... ###....# ##hh.
#..### ##YC# ###.#########.@##
######..##≈≈≈###..###
..##...##≈≈≈≈≈≈##*..### ###
..###..#≈≈≈≈≈≈≈≈###...#####.###
.##..###≈≈≈≈≈≈≈≈≈#.#.#..##.#§.###
####..##≈≈≈≈≈≈≈####.####..####..#
###..##≈≈≈≈≈≈≈##..####### #..##
#...####~~≈≈≈≈≈###....### ##...
##.†####~†~######....#...###....


You could see a frost giant, a death yak (ally target), 2 polar bears, a wolf
and a friendly battlesphere.

Vanquished Creatures
  A boulder beetle (D:11)
  4 death yaks (IceCv)
  An ice statue (IceCv)
  Maurice (D:8)
  A gargoyle (D:10)
  2 tengu conjurers (D:10)
  A rime drake (IceCv)
  13 polar bears (IceCv)
  The ghost of baller8008 the Insei, an amateur OpTm (D:5)
  A shadow (D:11)
  A wyvern (D:9)
  28 yaks
  3 vampire mosquitoes (D:10)
  2 steam dragons
  2 acid dragons
  5 sky beasts
  An ice beast (D:8)
  18 wolves (IceCv)
  An ogre (D:5)
  A centaur (D:9)
  A phantom (D:6)
  3 kobold brigands
  A gnoll sergeant (D:5)
  2 necrophages
  5 bullfrogs
  A scorpion (D:5)
  3 wights (D:9)
  9 howler monkeys
  2 jellies
  8 orc priests
  4 hounds
  2 gnoll boudas
  Ijyb (D:3)
  3 iguanas
  8 orc wizards
  24 gnolls
  10 adders
  9 river rats
  2 shadow imps
  15 white imps
  An ufetubus (D:5)
  2 dart slugs
  27 orcs
  17 ball pythons
  A bat (D:1)
  10 endoplasms
  5 giant cockroaches
  6 goblins
  6 hobgoblins
  42 kobolds
  4 quokkas
  6 frilled lizards
  27 rats
355 creatures vanquished.

Vanquished Creatures (others)
  A quokka (D:6)
  14 fulminant prisms
  4 fungi (D:9)
  9 plants
  4 toadstools (D:9)
32 creatures vanquished.

Grand Total: 387 creatures vanquished

Notes
Turn   | Place    | Note
-------+----------+-------------------------------------------
     0 | D:1      | themarg the Draconian Conjurer began the quest for the Orb.
     0 | D:1      | Reached XP level 1. HP: 14/14 MP: 3/3
   377 | D:1      | Reached XP level 2. HP: 20/20 MP: 3/5
   380 | D:1      | Learned a level 2 spell: Searing Ray
   611 | D:1      | Found a faded altar of an unknown god.
   902 | D:1      | Found Keorrakh's General Store.
   966 | D:1      | Bought a scroll of identify for 28 gold pieces
  1227 | D:2      | Reached XP level 3. HP: 26/26 MP: 2/7
  2903 | D:1      | Bought a scroll of teleportation for 42 gold pieces
  2928 | D:3      | Found a snail-covered altar of Cheibriados.
  2929 | D:3      | Found a burning altar of Makhleb.
  2930 | D:3      | Found an ancient bone altar of Kikubaaqudgha.
  3101 | D:3      | Reached XP level 4. HP: 33/33 MP: 2/8
  3188 | D:3      | Noticed Ijyb
  3220 | D:3      | Killed Ijyb
  3680 | D:3      | Reached XP level 5. HP: 38/38 MP: 7/10
  3750 | D:3      | Noticed Grinder
  4831 | D:4      | Reached skill level 5 in Conjurations
  5166 | D:4      | Reached XP level 6. HP: 45/45 MP: 4/12
  5251 | D:4      | Found a glowing drain.
  5262 | Sewer    | Entered a sewer
  6095 | Sewer    | Reached skill level 5 in Spellcasting
  7169 | D:4      | Reached skill level 6 in Conjurations
  7666 | D:5      | Entered Level 5 of the Dungeon
  7734 | D:5      | Your scales start taking on a glossy black colour.
  7734 | D:5      | Reached XP level 7. HP: 50/50 MP: 7/14
  7734 | D:5      | Gained mutation: You are resistant to electric shocks.
                  | (rElec) [Black Draconian growth]
  8015 | D:5      | Reached skill level 7 in Conjurations
  8015 | D:5      | Reached skill level 1 in Translocations
  8019 | D:5      | Reached skill level 1 in Hexes
  8387 | D:5      | Found a staircase to the Ecumenical Temple.
  8401 | Temple   | Entered the Ecumenical Temple
  8476 | Temple   | Became a worshipper of Sif Muna the Loreminder
  8500 | D:5      | Learned a level 4 spell: Fulminant Prism
  8505 | D:5      | Learned a level 4 spell: Iskenderun's Mystic Blast
  8594 | D:5      | Found a runed translucent door.
  8598 | D:5      | Noticed baller8008's ghost (amateur OpTm)
  8625 | D:5      | Reached XP level 8. HP: 57/57 MP: 9/15
  9475 | D:5      | Killed baller8008's ghost
  9476 | D:5      | Reached skill level 8 in Conjurations
  9659 | D:6      | Found a radiant altar of Vehumet.
  9891 | D:6      | Reached skill level 9 in Conjurations
 10048 | D:6      | Found a white marble altar of Elyvilon.
 10361 | D:6      | Reached * piety under Sif Muna
 10680 | D:6      | Reached skill level 1 in Fighting
 10680 | D:6      | Reached skill level 1 in Invocations
 10894 | D:7      | Reached XP level 9. HP: 60/67 MP: 6/16
 11465 | D:7      | Found a stormy altar of Qazlal.
 11873 | D:8      | Noticed Maurice
 12027 | D:8      | Reached skill level 10 in Conjurations
 12178 | D:8      | Killed Maurice
 12440 | D:8      | Found a shimmering altar of Xom.
 12441 | D:8      | Found a hazy altar of Hepliaklqana.
 12442 | D:8      | Noticed a spectral ugly thing
 12546 | D:8      | Reached skill level 5 in Invocations
 12677 | D:8      | Reached skill level 5 in Fighting
 12686 | D:8      | Reached ** piety under Sif Muna
 13557 | D:9      | Reached XP level 10. HP: 80/83 MP: 13/18
 14318 | D:9      | Found a glowing silver altar of Zin.
 14397 | D:10     | Entered Level 10 of the Dungeon
 14398 | D:10     | Found a staircase to the Lair.
 14590 | D:10     | Noticed a gargoyle
 14604 | D:10     | Killed a gargoyle
 14605 | D:10     | Reached skill level 11 in Conjurations
 14662 | D:10     | Found a runed translucent gate.
 14662 | D:10     | Found a runed translucent gate.
 14662 | D:10     | Found a runed translucent gate.
 14667 | D:10     | Noticed Tonberto's ghost (journeyman TrBe)
 14845 | D:10     | Found the +0 staff of Battle
 14857 | D:10     | Reached *** piety under Sif Muna
 15437 | D:11     | Noticed a boulder beetle
 15445 | D:11     | Killed a boulder beetle
 15446 | D:11     | Reached XP level 11. HP: 97/97 MP: 9/21
 15512 | D:11     | Found a frozen archway.
 15540 | IceCv    | Entered an ice cave
 15640 | IceCv    | Reached **** piety under Sif Muna
 15712 | IceCv    | Noticed a death yak
 15712 | IceCv    | Noticed a death yak
 15712 | IceCv    | Noticed a death yak
 15720 | IceCv    | Killed a death yak
 15722 | IceCv    | Killed a death yak
 15723 | IceCv    | Reached skill level 10 in Fighting
 15729 | IceCv    | Killed a death yak
 16057 | IceCv    | Reached skill level 12 in Conjurations
 16102 | IceCv    | Reached skill level 5 in Dodging
 16106 | IceCv    | Reached XP level 12. HP: 81/106 MP: 16/22
 16258 | IceCv    | Reached skill level 10 in Invocations
 16510 | IceCv    | Noticed a frost giant
 16510 | IceCv    | Noticed a death yak
 16511 | IceCv    | Noticed a death yak
 16516 | IceCv    | Reached skill level 1 in Shields
 16522 | IceCv    | Killed a death yak
 16526 | IceCv    | Killed from afar by a frost giant

Illustrated notes

Levels and vault maps discovered:
D:1:      saegor_arrival_miasma, layout_basic, ebering_ecumenical_altar_rust,
          serial_shops, shop
D:2:      kennysheep_six_static_rooms, layout_loops_ring
D:3:      layout_basic, gammafunk_temple_overflow_forgotten,
          minmay_shallow_snake_nest, uniq_ijyb, uniq_grinder
D:4:      layout_layer_cave, portal_sewer_entry_e, kennysheep_generic_room_13
D:5:      layout_basic, minmay_temple_entry_stoned_glass,
          hellmonk_ghost_happy_afterlife
D:6:      layout_loops_ring, kennysheep_little_box, elyvilon_altar_4,
          bh_walls_and_bars
D:7:      layout_loops_cross, mainiacjoe_overflow_catwalk
D:8:      layout_rooms, regret_index_temple_of_mockery,
          chequers_serial_rivers_small_3, minmay_between, uniq_maurice
D:9:      layout_roguey, zin_scriptorium, minmay_gold_behind_fungi
D:10:     layout_gridville, dpeg_oklobed_lair, gammafunk_ghost_icy,
          hellmonk_guarded_unrand_staff_of_battle
D:11:     layout_grid_maze, orc_david_3, portal_ice_cave_entry_imps
Temple:   nicolae_temple_ecumenical_triangle
IceCv:    ice_cave_caverns_02

Skill      XL: |  1  2  3  4  5  6  7  8  9 10 11 12 |
---------------+-------------------------------------+-----
Stealth        | 2 3 |  3.0
Spellcasting   | 3 4 5 7 |  7.0
Conjurations   | 5 6 7 9 10 11 12 | 12.2
Translocations | 2 3 |  3.0
Hexes          | 2 3 |  3.0
Fighting       | 1 5 9 10 | 10.0
Invocations    | 1 5 7 9 10 | 10.0
Dodging        | 5 |  5.0
Shields        | 1 |  1.9

Action                   |  1- 3 |  4- 6 |  7- 9 | 10-12 || total
-------------------------+-------+-------+-------+-------++-------
Melee: Short sword       |       |    23 |       |       ||    23
       Tailslap          |       |     3 |     3 |     2 ||     8
       Flail             |       |       |    22 |       ||    22
       Spear             |       |       |       |    11 ||    11
       Staff             |       |       |       |     9 ||     9
 Cast: Magic Dart        |    63 |    44 |    12 |    24 ||   143
       Searing Ray       |    14 |    54 |    88 |    63 ||   219
       Iskenderun's Myst |       |       |     7 |    31 ||    38
       Fulminant Prism   |       |       |     6 |     8 ||    14
 Abil: Breathe Lightning |       |       |     3 |     1 ||     4
  Use: Scroll            |     3 |     5 |     4 |     3 ||    15
       Potion            |       |     2 |     1 |       ||     3
Armor: Skin              |     1 |    54 |    39 |    39 ||   133
Dodge: Dodged            |     5 |    61 |    43 |    89 ||   198

Table legend: (Time is in decaauts)
 A = Elapsed time spent in this place.
 B = Non-inter-level travel time spent in this place.
 C = Inter-level travel time spent in this place.
 D = Time resting spent in this place.
 E = Time spent auto-exploring this place.
 F = Levels seen in this place.
 G = Mean time per level.
                   A        B        C        D        E       F      G
               +--------+--------+--------+--------+--------+-----+--------+
         Total |  16585 |  16120 |    465 |   3005 |  10914 |  14 | 1184.6 |
       Dungeon |  14230 |  13781 |    449 |   2082 |  10017 |  11 | 1293.6 |
        Temple |     92 |     76 |     16 |      0 |     31 |   1 |   92.0 |
         Sewer |   1267 |   1267 |      0 |    396 |    653 |   1 | 1267.0 |
      Ice Cave |    994 |    994 |      0 |    527 |    213 |   1 |  994.0 |
               +--------+--------+--------+--------+--------+-----+--------+

Top non-repeatable levels by time:
     D:5: 1842 daAuts
     D:3: 1792 daAuts
     D:4: 1703 daAuts
     D:2: 1701 daAuts
     D:6: 1293 daAuts
   Sewer: 1267 daAuts
     D:7: 1260 daAuts
     D:9: 1241 daAuts
     D:1: 1225 daAuts
     D:8: 1145 daAuts
   IceCv: 994 daAuts
    D:10: 838 daAuts
    D:11: 186 daAuts
  Temple: 92 daAuts
